 Dungeon Crawl Stone Soup version 0.31.0-7-gf635a9b802 (webtiles) character file.

Game seed: 5364441327209224356

67474 Arcadio the Earth Mage (level 15, -1/88 HPs)
             Began as a Gargoyle Earth Elementalist on Jan 23, 2024.
             Was the Champion of Vehumet.
             Slain by a manticore (15 damage)
             ... on level 10 of the Dungeon.
             The game lasted 01:17:21 (27805 turns).

Arcadio the Earth Mage (GrEE)                      Turns: 27805, Time: 01:17:21

Health: -1/88      AC: 32    Str: 12    XL:     15   Next: 23%
Magic:  2/31       EV: 11    Int: 32    God:    Vehumet [******]
Gold:   303        SH:  0    Dex: 10    Spells: 0/39 levels left

rFire   + . .        S - +6 broad axe (flame)
rCold   + . .        (no shield)
rNeg    + + .        a - +4 ring mail {rF+}
rPois   ∞            f - +2 helmet {Int+3}
rElec   +            R - +0 cloak
rCorr   .            E - +0 pair of gloves
SInv    .            G - +0 pair of boots "Liucs" {rN+}
Will    +....        F - amulet of faith
Stlth   +            A - +6 ring of intelligence
HPRegen 0.34/turn    l - ring of protection from cold
MPRegen 0.22/turn

%: faith
@: flying, very slightly contaminated
A: sickness immunity, AC +11, big wings, negative energy resistance 1,
electricity resistance, torment resistance 1, petrification resistance
a: Renounce Religion


You were on level 10 of the Dungeon.
You worshipped Vehumet.
Vehumet was exalted by your worship.
You visited 5 branches of the dungeon, and saw 20 of its levels.

You collected 1601 gold pieces.
You spent 1298 gold pieces at shops.

Inventory:

Hand Weapons
 S - a +6 broad axe of flaming (weapon)
Armour
 a - a +4 ring mail of fire resistance (worn)
 f - a +2 helmet of intelligence (worn)
 x - a +1 pair of boots
 y - a +0 troll leather armour
 D - a +0 helmet
 E - a +0 pair of gloves (worn)
 G - the +0 pair of boots "Liucs" (worn) {rN+}
   (You bought it in a shop on level 5 of the Dungeon)

   rN+:       It protects you from negative energy.
 I - +0 steam dragon scales
 R - a +0 cloak (worn)
Magical Staves
 g - a staff of conjuration
Jewellery
 d - an amulet of regeneration
 l - a ring of protection from cold (right hand)
 A - a +6 ring of intelligence (left hand)
 F - an amulet of faith (around neck)
 T - a +5 ring of evasion
Wands
 z - a wand of iceblast (3)
 J - a wand of flame (4)
 N - a wand of polymorph (19)
 Q - a wand of charming (19)
Scrolls
 h - 2 scrolls of immolation
 i - a scroll of vulnerability
 k - a scroll of fear
 m - 7 scrolls of teleportation
 o - a scroll of summoning
 p - a scroll of revelation {unknown}
 s - 4 scrolls of fog
 H - a scroll of torment {unknown}
 K - a scroll of enchant armour
 M - a scroll of amnesia
 O - a scroll of silence {unknown}
 V - a scroll of blinking {unknown}
 X - a scroll of acquirement {unknown}
Potions
 b - 2 potions of magic
 c - 3 potions of enlightenment
 e - 3 potions of attraction
 n - 6 potions of curing
 q - 2 potions of resistance
 t - a potion of berserk rage {unknown}
 u - a potion of invisibility {unknown}
 v - 3 potions of might
 w - 2 potions of haste {unknown}
 B - 2 potions of mutation
 C - a potion of brilliance {unknown}
 L - 2 potions of cancellation {unknown}
 U - 3 potions of heal wounds
 W - 2 potions of lignification {unknown}
Miscellaneous
 Y - a condenser vane


   Skills:
 + Level 8.2 Fighting
 + Level 14.4 Armour
 - Level 3.2 Dodging
 - Level 2.1 Stealth
 + Level 12.7 Spellcasting
 + Level 11.5 Conjurations
 - Level 5.4 Fire Magic
 + Level 15.2 Earth Magic


You couldn't memorise any spells.
You knew the following spells:

 Your Spells              Type           Power      Damage    Failure   Level
a - Fireball              Conj/Fire      32%        3d14      1%          5
b - Stone Arrow           Conj/Erth      100%       3d13      1%          3
c - Starburst             Conj/Fire      32%        6d10      5%          6
d - Lehudib's Crystal Sp  Conj/Erth      41%        10d10     28%         8
e - Petrify               Alch/Erth      62%        N/A       1%          4
f - Passwall              Erth           87%        N/A       1%          3
g - Brom's Barrelling Bo  Conj/Erth      82%        2d9       1%          4
h - Plasma Beam           Fire/Air       18%        2x1d30    45%         6

Your spell library contained the following spells:

 Spells                   Type           Power      Damage    Failure   Level
 Lee's Rapid Deconstruct  Erth           43%        3d21*     1%          5
 Sandblast                Erth           100%       2d20      0%          1
 Sting                    Conj/Alch      100%       1d9       1%          1
 Mercury Vapours          Alch/Air       40%        N/A       1%          2
 Static Discharge         Conj/Air       100%       3-8/arc   1%          2
 Animate Armour           Summ/Erth      100%       N/A       1%          4
 Summon Small Mammal      Summ           80%        N/A       4%          1
 Orb of Destruction       Conj           38%        9d11      9%          7
 Airstrike                Air            10%        2d(2-18)  11%         4
 Olgreb's Toxic Radiance  Alch           20%        N/A       11%         4
 Call Canine Familiar     Summ           20%        N/A       12%         3
 Tukima's Dance           Hex            20%        N/A       12%         3
 Summon Blazeheart Golem  Fire/Summ      37%        N/A       13%         4
 Conjure Ball Lightning   Conj/Air       27%        3x3d8     16%         6
 Yara's Violent Unravell  Hex/Alch       10%        3d6       28%         5
 Passage of Golubria      Tloc           20%        N/A       36%         4
 Summon Lightning Spire   Summ/Air       20%        N/A       36%         4
 Spellforged Servitor     Conj/Summ      27%        N/A       58%         7
 Ozocubu's Refrigeration  Ice            10%        4d9       99%         7
 Discord                  Hex            10%        N/A       100%        8


Dungeon Overview and Level Annotations

Branches:
Dungeon (11/15)            Temple (1/1) D:5            Lair (5/5) D:8
  Swamp (0/4) Lair:2       Spider (1/4) Lair:2        Slime (0/5) Lair:5
    Orc (2/2) D:10            Elf (0/3) Orc:2

Altars:
Ashenzari
Cheibriados
Dithmenos
Elyvilon
Fedhas
Hepliaklqana
Kikubaaqudgha
Makhleb
Nemelex Xobeh
Okawaru
Qazlal
Ru
Sif Muna
Trog
Uskayaw
Vehumet
Wu Jian
Xom
Yredelemnul
Zin
The Shining One
Jiyva

Shops:
D:4 (   D:5 [   Orc:1 *   Orc:2 =:(*

Annotations:
D:4 1 transporter, Raspi's ghost, amateur DsGl
D:7 2 transporters, Rayvis's ghost, novice MiFi
Lair:4 exclusion: oklob plant
Orc:2 Arcaseus's ghost, journeyman GnWn


Innate Abilities, Weirdness & Mutations

You are immune to sickness and miasma.
Your stone body is resilient. (AC +11)
You are immune to poison.
Your large and strong wings let you fly.
You resist negative energy. (rN+)
You are resistant to electric shocks. (rElec)
You are resistant to unholy torment.
You are immune to petrification.


Message History

You slash the vampire mosquito! You burn the vampire mosquito.
You destroy the vampire mosquito!
Vehumet accepts your kill.
You feel your power returning.
You closely miss the centaur. The centaur closely misses you.
The centaur kicks you but does no damage.
The manticore bites you but does no damage.
The manticore barely misses you.
The manticore claws you but does no damage.
The centaur barely misses you. The centaur closely misses you.
You barely miss the manticore.
The manticore is heavily wounded.
You hit the centaur but do no damage. The centaur hits you.
The centaur kicks you but does no damage.
The manticore bites you! The manticore claws you. x2
The centaur hits you but does no damage.
The centaur kicks you but does no damage.
The manticore completely misses you. The manticore claws you.
The manticore claws you but does no damage.
You slash the manticore! You burn the manticore.
The manticore is severely wounded.
You hit the centaur. You burn the centaur.
The centaur hits you but does no damage.
The centaur kicks you but does no damage.
The centaur hits you but does no damage.
The centaur closely misses you. The manticore bites you!
* * * LOW HITPOINT WARNING * * *
The manticore claws you but does no damage. x2
The centaur hits you but does no damage.
The centaur kicks you.
* * * LOW HITPOINT WARNING * * *
Casting: Stone Arrow (safe; 1% risk of failure)
Confirm with . or Enter, or press ? or * to list all spells.
Aiming: Stone Arrow (safe; 1% risk of failure)
Press: ? - help, Shift-Dir - straight line, f/p - manticore
Aim: a manticore (severely wounded, 87% to hit)
The stone arrow hits the manticore!
The manticore is almost dead.
The manticore bites you!
You die...

#†#######.....##..####.#
#......#########).####.#
###.......######.......#
#.##.#.....#....####.#
#.##.#..##.#.#.#####.#
#.##.....#.#.#.......#
#.####...#.#.#########
#.####..........#
#...H@c....#.##.#
########.....##.#
##.#####.# ### #.......#
#.. ######### #.# #.#
####.# #..... #.##.#


You could see a manticore and a centaur.

Vanquished Creatures
  An ettin (D:10)
  Josephine (D:9)
  3 hydras
  4 ogre magi (Orc:2)
  Erica (Lair:2)
  2 centaur warriors
  13 two-headed ogres
  A boulder beetle (Lair:3)
  Urug (D:10)
  Sonja (D:10)
  A skyshark (Lair:4)
  A swamp dragon (Lair:2)
  An orc knight (D:10)
  An ugly thing (D:11)
  A manticore (Lair:4)
  11 elephants
  7 black mambas
  Maggie (D:10)
  8 cane toads
  10 rime drakes
  12 komodo dragons
  A kobold demonologist (D:7)
  A troll (Orc:1)
  5 hornets
  7 polar bears
  19 blink frogs
  2 dream sheep (Lair:5)
  53 yaks
  A shadow (D:10)
  A vampire (D:10)
  5 wyverns
  15 spriggans (Lair:5)
  Grum (D:8)
  5 wraiths (D:10)
  9 basilisks
  A warg (Orc:2)
  2 steam dragons (D:7)
  3 vampire mosquitoes
  Edmund (D:5)
  11 water moccasins
  An acid dragon (D:9)
  2 sky beasts
  3 ice beasts
  13 orc warriors
  5 black bears
  23 ogres
  7 centaurs
  5 boggarts (Lair:5)
  3 phantoms
  37 wolves
  17 bullfrogs
  4 kobold brigands
  5 scorpions
  5 wights
  4 killer bees
  9 howler monkeys
  2 bombardier beetles (D:6)
  A hound (D:3)
  14 jellies
  9 orc priests
  2 sleepcaps
  A gnoll bouda (D:7)
  5 iguanas
  Ijyb (D:4)
  18 orc wizards
  7 hell rats
  10 gnolls
  13 adders
  3 shadow imps
  6 dart slugs
  3 ribbon worms
  45 orcs
  11 endoplasms
  4 giant cockroaches
  4 goblins
  7 hobgoblins
  6 jackals
  13 kobolds
  2 quokkas
  7 ball pythons
  6 bats
  3 frilled lizards
  4 rats
575 creatures vanquished.

Vanquished Creatures (collateral kills)
  An elephant (Lair:2)
1 creature vanquished.

Vanquished Creatures (others)
  2 boulders
2 creatures vanquished.

Grand Total: 578 creatures vanquished

Notes
Turn   | Place    | Note
-------+----------+-------------------------------------------
     0 | D:1      | Arcadio the Gargoyle Earth Elementalist began the quest for
                  | the Orb.
     0 | D:1      | Reached XP level 1. HP: 10/10 MP: 3/3
    52 | D:1      | Found a faded altar of an unknown god.
    65 | D:1      | Prayed at the altar of an unknown god.
    65 | D:1      | Became a worshipper of Vehumet
    65 | D:1      | Reached * piety under Vehumet
    65 | D:1      | Offered knowledge of Freeze by Vehumet.
    99 | D:1      | Reached XP level 2. HP: 11/15 MP: 0/5
   267 | D:1      | Reached skill level 4 in Earth Magic
   625 | D:1      | Reached XP level 3. HP: 19/19 MP: 6/6
   671 | D:1      | Offered knowledge of Mercury Vapours by Vehumet.
   676 | D:1      | Learned a level 3 spell: Stone Arrow
   918 | D:2      | Reached ** piety under Vehumet
   943 | D:2      | Learned a level 3 spell: Passwall
   956 | D:2      | Reached XP level 4. HP: 16/24 MP: 3/8
  1439 | D:2      | Identified the +2 ring mail "Zuloubau" {Rampage rC+ Int-4}
  1756 | D:3      | Reached XP level 5. HP: 28/28 MP: 9/9
  1774 | D:3      | Reached skill level 5 in Earth Magic
  1955 | D:3      | Offered knowledge of Scorch by Vehumet.
  1982 | D:3      | Reached XP level 6. HP: 32/32 MP: 11/11
  2460 | D:4      | Noticed Ijyb
  2470 | D:4      | Killed Ijyb
  2470 | D:4      | Reached *** piety under Vehumet
  2634 | D:4      | Noticed Raspi's ghost (amateur DsGl)
  2635 | D:4      | Found a transporter.
  2758 | D:4      | Reached skill level 1 in Armour
  2806 | D:4      | Found Hasiudyt's Weapon Shop.
  2905 | D:4      | Found a hazy altar of Hepliaklqana.
  2951 | D:4      | Found a broken altar of Ashenzari.
  2957 | D:4      | Learned a level 4 spell: Brom's Barrelling Boulder
  2978 | D:4      | Identified the +9 hand axe of Dust {spect, rCorr Str+4}
  3001 | D:5      | Entered Level 5 of the Dungeon
  3128 | D:5      | Reached skill level 6 in Earth Magic
  3158 | D:5      | Reached XP level 7. HP: 29/36 MP: 9/13
  3168 | D:5      | Offered knowledge of Fulminant Prism by Vehumet.
  3361 | D:5      | Found a staircase to the Ecumenical Temple.
  3369 | Temple   | Entered the Ecumenical Temple
  3621 | D:5      | Found a white marble altar of Elyvilon.
  3758 | D:5      | Found Byrchurch's Armour Shop.
  3832 | D:5      | Noticed Edmund
  3840 | D:5      | Killed Edmund
  3841 | D:5      | Reached skill level 7 in Earth Magic
  3841 | D:5      | Reached XP level 8. HP: 41/41 MP: 1/15
  4034 | D:5      | Reached skill level 5 in Spellcasting
  4483 | D:6      | Reached skill level 5 in Armour
  4585 | D:6      | Reached skill level 8 in Earth Magic
  4916 | D:6      | Reached **** piety under Vehumet
  5172 | D:6      | Offered knowledge of Sticky Flame by Vehumet.
  5345 | D:7      | Reached XP level 9. HP: 45/45 MP: 9/18
  5511 | D:7      | Identified the +2 leather armour of Insecurity {rCorr}
  5521 | D:7      | Found a transporter.
  5549 | D:7      | Noticed Rayvis's ghost (novice MiFi)
  5553 | D:7      | Identified the +5 short sword of Tiunuera {protect, *Noise
                  | +Blink rC+ Dex+3}
  5553 | D:7      | Identified the ring "Ziskoull" {Wiz rPois rC- Int+2}
  5588 | D:7      | Noticed a kobold demonologist
  5592 | D:7      | Killed a kobold demonologist
  5612 | D:7      | Learned a level 4 spell: Petrify
  5669 | D:7      | Reached skill level 9 in Earth Magic
  6434 | D:7      | Found a transporter.
  6546 | D:7      | Reached skill level 10 in Earth Magic
  6546 | D:7      | Reached XP level 10. HP: 50/50 MP: 13/21
  6893 | D:8      | Noticed Grum
  6904 | D:8      | Reached ***** piety under Vehumet
  6904 | D:8      | Offered knowledge of Fireball by Vehumet.
  6908 | D:8      | Killed Grum
  7252 | D:8      | Noticed a centaur warrior
  7256 | D:8      | Killed a centaur warrior
  7439 | D:8      | Found a staircase to the Lair.
  7695 | D:8      | Reached skill level 5 in Conjurations
  7833 | D:8      | Found a basalt altar of Yredelemnul.
  7937 | D:8      | Identified the +5 short sword of the Big Bang {spect,
                  | Int+3}
  8052 | D:8      | Reached skill level 11 in Earth Magic
  8361 | D:9      | Reached XP level 11. HP: 54/54 MP: 23/23
  9480 | D:10     | Entered Level 10 of the Dungeon
  9763 | D:10     | Noticed Josephine
  9778 | D:9      | Killed Josephine
 10102 | D:10     | Noticed a centaur warrior
 10107 | D:10     | Killed a centaur warrior
 10108 | D:10     | Reached skill level 12 in Earth Magic
 10111 | D:10     | Noticed Maggie
 10115 | D:10     | Killed Maggie
 10116 | D:10     | Reached skill level 10 in Armour
 10289 | D:10     | Learned a level 5 spell: Fireball
 10537 | D:10     | Found a staircase to the Orcish Mines.
 10662 | D:10     | Noticed Urug
 10668 | D:10     | Killed Urug
 11155 | Orc:1    | Entered Level 1 of the Orcish Mines
 11327 | Orc:1    | Noticed an orc knight
 11429 | D:10     | Killed an orc knight
 11538 | D:10     | Offered knowledge of Conjure Ball Lightning by Vehumet.
 11855 | Orc:1    | Found Jesotien's CLEARANCE SALE!.
 12021 | D:5      | Bought a +4 ring mail of fire resistance for 372 gold
                  | pieces
 12021 | D:5      | Bought a +1 helmet of intelligence for 198 gold pieces
 12021 | D:5      | Bought the +0 pair of boots "Liucs" {rN+} for 188 gold
                  | pieces
 12038 | D:5      | Learned a level 6 spell: Conjure Ball Lightning
 12316 | Orc:2    | Entered Level 2 of the Orcish Mines
 12502 | Orc:2    | Reached XP level 12. HP: 59/59 MP: 21/25
 12775 | Orc:2    | Noticed a two-headed ogre
 12821 | Orc:2    | Killed a two-headed ogre
 12917 | Orc:2    | Noticed a two-headed ogre
 12919 | Orc:2    | Noticed a two-headed ogre
 13068 | Orc:1    | Killed a two-headed ogre
 13234 | Orc:2    | Noticed a two-headed ogre
 13301 | Orc:2    | Noticed a two-headed ogre
 13302 | Orc:2    | Noticed a two-headed ogre
 13334 | D:10     | Noticed Sonja
 13336 | D:10     | Killed Sonja
 13337 | D:10     | Reached skill level 13 in Earth Magic
 13429 | D:10     | HP: 1/59 [two-headed ogre/+0 dire flail (12)]
 13469 | D:10     | Killed a two-headed ogre
 13470 | D:10     | Reached skill level 10 in Spellcasting
 13656 | Orc:2    | Noticed a two-headed ogre
 13664 | Orc:1    | a two-headed ogre changed into an ettin
 13664 | Orc:1    | Noticed an ettin
 13858 | Lair:1   | Entered Level 1 of the Lair of Beasts
 14892 | Lair:1   | Offered knowledge of Starburst by Vehumet.
 15641 | Lair:2   | Reached XP level 13. HP: 63/63 MP: 10/27
 15698 | Lair:2   | Reached skill level 10 in Conjurations
 15698 | Lair:2   | Reached skill level 14 in Earth Magic
 16092 | Lair:2   | HP: 2/63 [swamp dragon (3)]
 16366 | Lair:2   | Learned a level 6 spell: Starburst
 16480 | Lair:2   | HP: 2/64 [elephant (9)]
 16484 | Lair:2   | Reached skill level 1 in Fighting
 16484 | Lair:2   | Reached skill level 1 in Fire Magic
 16598 | Lair:2   | Noticed Erica
 16797 | Lair:2   | Found a hole to the Spider Nest.
 16802 | Spider:1 | Entered Level 1 of the Spider Nest
 17320 | Lair:2   | Killed Erica
 17525 | Lair:2   | Found a staircase to the Swamp.
 20239 | Lair:4   | Offered knowledge of Freezing Cloud by Vehumet.
 20243 | Lair:4   | Reached skill level 5 in Fighting
 20253 | Lair:4   | Gained mutation: Your large and strong wings let you fly.
                  | [Gargoyle growth]
 20253 | Lair:4   | Reached XP level 14. HP: 55/78 MP: 9/29
 20919 | Lair:4   | Reached skill level 5 in Fire Magic
 22156 | Lair:5   | Entered Level 5 of the Lair of Beasts
 22591 | Lair:5   | Found a staircase to the Slime Pits.
 22592 | Lair:5   | Found a viscous altar of Jiyva.
 22883 | Lair:5   | Offered knowledge of Plasma Beam by Vehumet.
 25831 | D:10     | Learned a level 6 spell: Plasma Beam
 26225 | Orc:2    | Paralysed by an ogre mage for 3 turns
 26226 | Orc:2    | Reached XP level 15. HP: 88/88 MP: 10/31
 26329 | Orc:2    | Reached skill level 15 in Earth Magic
 26467 | Orc:2    | Reached ****** piety under Vehumet
 26625 | Orc:2    | Found Veitwet's Weapon Shoppe.
 26625 | Orc:2    | Found Ucrim's Jewellery Shop.
 26680 | Orc:2    | Found Vehax's General Store.
 26680 | Orc:2    | Found Gofrin's Book Shoppe.
 26691 | Orc:2    | Bought a book of Armaments for 540 gold pieces
 26701 | Orc:2    | Learned a level 8 spell: Lehudib's Crystal Spear
 26735 | Orc:2    | Found a staircase to the Elven Halls.
 26768 | Orc:2    | Found a runed translucent gate.
 26768 | Orc:2    | Found a runed translucent gate.
 26769 | Orc:2    | Found a runed translucent gate.
 26776 | Orc:2    | Noticed Arcaseus's ghost (journeyman GnWn)
 27510 | D:11     | Offered knowledge of Lee's Rapid Deconstruction by Vehumet.
 27805 | D:10     | Slain by a manticore

Illustrated notes

Levels and vault maps discovered:
D:1:      dpeg_arrival_stone_temple_mockup, layout_basic,
          hellmonk_ecumenical_altar_pennies_from_heaven, serial_bayou_pond_e
D:2:      minmay_chambers_of_ones, layout_rooms, dreamdust_princess_bridge,
          minmay_randomly_rotated_circles
D:3:      layout_loops_ring
D:4:      layout_basic, nzn_hepliaklqana_mist_gate, kennysheep_little_box,
          serial_shops, nicolae_shop_bloodbath_and_beyond,
          gammafunk_ghost_smash, uniq_ijyb
D:5:      layout_loops_corners, elyvilon_altar_5,
          minmay_temple_entry_stoned_glass, serial_shops, shop, uniq_edmund
D:6:      layout_basic, nicolae_overflow_hidden_temple
D:7:      minmay_bubble_buster, layout_loops_ring, gammafunk_ghost_gnarly_gnolls
D:8:      layout_loops_ring, mainiacjoe_overflow_alcove_2, david_lair_shrubbed,
          uniq_grum
D:9:      layout_cave_pods
D:10:     layout_loops_cross, orc_0_dummy, uniq_urug, uniq_josephine,
          uniq_maggie, uniq_sonja
D:11:     layout_basic
Temple:   bh_familiar_temple
Lair:1:   layout_gridlike, gauntlet_entry_generic, grunt_megastairs_3
Lair:2:   layout_gridlike, mainiacjoe_swamp_entry_lozenge_pond,
          dummy_spider_entry, infiniplex_staircase_pool_2, lemuel_fruit_fields,
          serial_bayou_shore_b, uniq_erica
Lair:3:   layout_loops_ring, minivault_11, hangedman_lair_generics_rect,
          lemuel_fruit_tree
Lair:4:   layout_cave_pods, special_room [special_room_mythical_zoo]
Lair:5:   minmay_lair_end_enchanted_forest, layout_hall_layers,
          minmay_slime_entry_jelly_boxes
Spider:1: cheibrodos_spider_silkery, nicolae_spider_rock_and_or_roll
Orc:1:    layout_diamond_mine, nicolae_shop_clearance
Orc:2:    st_orc_ogre_mass, layout_caves, maelrawn_ghost_gauntlet_escape,
          nicolae_orc_lava_tube

Skill      XL: |  1  2  3  4  5  6  7  8  9 10 11 12 13 14 15 |
---------------+----------------------------------------------+-----
Earth Magic    | 4 5 6 7 8 10 11 12 13 14 15 | 15.2
Dodging        | 2 3 |  3.2
Spellcasting   | 3 4 6 7 8 9 10 11 12 | 12.7
Armour         | 2 3 5 7 9 10 11 13 14 | 14.4
Conjurations   | 3 5 8 9 10 11 | 11.5
Fighting       | 5 7 8 |  8.2
Fire Magic     | 4 5 |  5.4
Stealth        | |  2.1

Action                     |  1- 3 |  4- 6 |  7- 9 | 10-12 | 13-15 || total
---------------------------+-------+-------+-------+-------+-------++-------
  Melee: Unarmed           |    11 |       |       |       |       ||    11
         Dagger            |     2 |       |       |       |       ||     2
         Staff             |     1 |    25 |    32 |    10 |       ||    68
         Punch             |       |       |     1 |     1 |     5 ||     7
         Broad axe         |       |       |       |   103 |   396 ||   499
   Cast: Sandblast         |    38 |    90 |    30 |    44 |       ||   202
         Stone Arrow       |       |     1 |    81 |   329 |   423 ||   834
         Brom's Barrelling |       |       |     1 |     3 |     1 ||     5
         Petrify           |       |       |       |     2 |     2 ||     4
         Fireball          |       |       |       |     1 |    73 ||    74
         Starburst         |       |       |       |       |     6 ||     6
  Evoke: Wand              |       |       |       |     1 |       ||     1
    Use: Scroll            |       |       |       |    15 |    16 ||    31
         Potion            |       |       |       |     1 |     6 ||     7
   Stab: Petrified         |       |       |       |     1 |       ||     1
 Armour: Robe              |    19 |    32 |       |       |       ||    51
         Ring mail         |       |    21 |    24 |   249 |  1128 ||  1422
         Skin              |       |       |    11 |       |       ||    11
         Steam dragon scal |       |       |     5 |   111 |       ||   116
  Dodge: Dodged            |    10 |    45 |    38 |   213 |   659 ||   965
